 Dungeon Crawl Stone Soup version 0.28-a0-514-g0d7ab7f379 (webtiles) character file.

Game seed: 12565486856184681888

7 meatgazer the Skirmisher (level 1, -17/18 HPs)
             Began as a Demonspawn Abyssal Knight on Sept 22, 2021.
             Was a Follower of Lugonu.
             Demolished by a balrug (19 damage)
             ... on level 2 of the Abyss.
             The game lasted 00:00:24 (110 turns).

meatgazer the Skirmisher (Demonspawn Abyssal Knight) Turns: 110, Time: 00:00:24

Health: -17/18     AC:  3    Str: 13    XL:     1   Next: 83%
Magic:  2/2        EV: 11    Int: 11    God:    Lugonu [*.....]
Gold:   45         SH:  0    Dex: 13    Spells: 0/0 levels left

rFire   . . .      SeeInvis .   a - +1 spear
rCold   . . .      Faith    .   (no shield)
rNeg    . . .      Spirit   .   b - +0 leather armour
rPois   .          Reflect  .   (no helmet)
rElec   .          Harm     .   (no cloak)
rCorr   .          Rampage  .   (no gloves)
Will    .....                   (no boots)
Stlth   +.........              (no amulet)
HPRegen 0.06/turn               (no ring)
MPRegen 0.08/turn               (no ring)

@: no status effects
A: no striking features
a: Renounce Religion, Depart the Abyss


You were on level 2 of the Abyss.
You worshipped Lugonu.
Lugonu was aware of your devotion.
You visited 0 branches of the dungeon, and saw 0 of its levels.
You visited the Abyss 1 time.

You collected 45 gold pieces.

Inventory:

Hand Weapons
 a - a +1 spear (weapon)
Armour
 b - a +0 leather armour (worn)


   Skills:
 + Level 3.2 Fighting
 + Level 1.9 Polearms
 + Level 1.8 Armour
 + Level 0.8 Dodging
 + Level 2.5 Invocations


You couldn't memorise any spells.
You didn't know any spells.
Your spell library was empty.

Dungeon Overview and Level Annotations

Branches:
Dungeon (0/15)

Altars:


Message History

The white imp gestures at you. The puff of frost hits you.
You hit the white imp.
The white imp is moderately wounded.
The white imp hits you but does no damage.
You hit the white imp.
The white imp is heavily wounded.
The white imp misses you.
You barely miss the white imp.
The white imp is heavily wounded.
The white imp barely misses you.
You hit the white imp.
The white imp is severely wounded.
The white imp closely misses you.
The necromancer points at you and mumbles some strange words.
Your body is wracked with pain!
You hit the white imp but do no damage.
The white imp is severely wounded.
The white imp barely misses you.
You barely miss the white imp.
The white imp is severely wounded.
The white imp hits you but does no damage.
The necromancer gestures wildly while chanting.
The necromancer binds the souls of nearby monsters.
You hit the white imp.
You kill the white imp!
The necromancer casts a spell.
The necromancer binds the souls of nearby monsters.
You see here 45 gold pieces.
You now have 45 gold pieces.
Found 18 stones.
A balrug and a sun demon come into view.
The balrug is wielding a +1 demon whip of venom.
The balrug shouts!
The sun demon shouts!
A sun demon comes into view.
The balrug hits you with a +1 demon whip of venom.
* * * LOW HITPOINT WARNING * * *
You are engulfed in flames!!
Ouch! That really hurt!
You die...

..# ##.. ### ..3#
###.. .3. #..#.##..
.....#.####
###..#2...#(.
#.##.@.......
#.p.#.#..##.
###.#.#... #
#...###....# ##
##.#.. ..#..# .#
##p#p. # #......
#.###......#....##..#
##. .##...... .### ♣.
. . ..#p.......# .


You could see a balrug, a hell knight (soul bound), 2 sun demons and a
necromancer.

Vanquished Creatures
  A white imp (Abyss:2)
1 creature vanquished.

Notes
Turn   | Place    | Note
-------+----------+-------------------------------------------
     0 | Abyss:1  | meatgazer the Demonspawn Abyssal Knight began the quest for
                  | the Orb.
     0 | Abyss:1  | Reached XP level 1. HP: 18/18 MP: 2/2
    35 | Abyss:1  | Noticed a small abomination
    35 | Abyss:1  | Noticed an orange demon
    85 | Abyss:2  | Noticed a hell knight
    85 | Abyss:2  | Noticed a hell knight
    85 | Abyss:2  | Noticed a necromancer
    85 | Abyss:2  | Noticed a neqoxec
   110 | Abyss:2  | Noticed a balrug
   110 | Abyss:2  | Noticed a sun demon
   110 | Abyss:2  | Noticed a sun demon
   110 | Abyss:2  | Demolished by a balrug

Illustrated notes

Levels and vault maps discovered:
Abyss:2:  base:
Temple

Action                   || total
-------------------------++-------
Melee: Spear             ||     7
Armor: Leather armour    ||     2
Dodge: Dodged            ||     4

Table legend: (Time is in decaauts)
 A = Elapsed time spent in this place.
 B = Non-inter-level travel time spent in this place.
 C = Inter-level travel time spent in this place.
 D = Time resting spent in this place.
 E = Time spent auto-exploring this place.
 F = Levels seen in this place.
 G = Mean time per level.
                   A        B        C        D        E       F      G
               +--------+--------+--------+--------+--------+-----+--------+
         Total |    116 |    116 |      0 |      0 |     69 |   2 |   58.0 |
         Abyss |    116 |    116 |      0 |      0 |     69 |   2 |   58.0 |
               +--------+--------+--------+--------+--------+-----+--------+

Top non-repeatable levels by time:
 Abyss:2: 74 daAuts
 Abyss:1: 41 daAuts
